Blackhawks vs Red Wings (R1)

Created - 7 décembre 2012 at 19:33

Goals
1 2 3 T
Blackhawks 1 3 4 8
Red Wings 0 1 1 2
Shots
1 2 3 T
Blackhawks 14 13 8 35
Red Wings 11 11 13 35

1st period

1. Blackhawks , Scott Gomez 3 (Martin Havlat, Kris Versteeg) at 3:09

Penalties :
Milan Michalek (Det) for Hooking (Minor) at 0:07, Scott Gomez (Chi) for Holding (Minor) at 0:07, Jason Spezza (Det) for Hooking (Minor) at 16:38

2nd period

2. Blackhawks , Brooks Laich 2 (Nikita Alexeev, Jeff Taffe) at 0:55
3. Blackhawks , Martin Havlat 4 (Scott Gomez, Brent Sopel) at 9:42
4. Blackhawks , Martin Havlat 5 (Scott Gomez, Marek Zidlicky) at 11:11
5. Red Wings , Kim Johnsson 3 (Jarome Iginla, Mike York) at 17:31

Penalties :
Brian Sutherby (Det) for Hooking (Minor) at 9:02, Marek Zidlicky (Chi) for Hooking (Minor) at 9:02

3rd period

6. Blackhawks , Chris Gratton 3 (Hnat Domenichelli, Dan Hinote) at 2:24
7. Blackhawks , Scott Gomez 4 (Martin Havlat) at 3:40
8. Blackhawks , Kris Versteeg 7 (Scott Gomez, Brent Sopel) at 8:14
9. Red Wings , Lubos Bartecko 1 (Jarome Iginla) at 14:31
10. Blackhawks , Brent Sopel 1 (Chris Gratton) at 16:43 (SH)

Penalties :
Jarome Iginla (Det) for High sticking (Minor) at 0:10, Milan Michalek (Det) for Goalie Interference (Minor) at 4:40, Brent Sopel (Chi) for Holding (Minor) at 4:40, Hnat Domenichelli (Chi) for Cross-checking (Minor) at 15:49

Goalie Stats

Tyler Weiman (Chi), 33 saves from 35 shots - (0,943), W, 3-3-0, 60:00 minutes
Jonathan Quick (Det), 26 saves from 33 shots - (0,788), L, 4-4-1, 48:14 minutes
Mike Smith (Det), 1 saves from 2 shots - (0,500), 11:46 minutes

Players Stats for Blackhawks

Player Name              G  A  P  +/- PIM S  H  SB GA TA FO     MP     PP MP  PK MP  
------------------------------------------------------------------------------------
Bill Guerin              0  0  0   0  0   1  4  1  0  0  0/0    15:00   2:16   0:00 
Brent Sopel              1  2  3   5  2   3  1  1  0  2  0/0    26:01   1:49   0:39 
Brooks Laich             1  0  1   0  0   4  0  1  1  0  1/4    15:03   1:42   0:18 
Chris Gratton            1  1  2   2  0   3  0  0  0  0  1/2     8:55   0:00   0:18 
Dan Hinote               0  1  1   2  0   0  2  0  0  0  0/0     8:55   0:00   0:18 
Greg De Vries            0  0  0   2  0   0  0  2  0  0  0/0    13:29   0:00   0:39 
Hnat Domenichelli        0  1  1   2  2   1  1  1  0  0  0/1    10:38   0:00   0:00 
Jason Smith              0  0  0   0  0   0  0  1  1  0  0/0    19:07   0:00   1:20 
Jeff Taffe               0  1  1   0  0   0  2  0  0  0  0/0    12:02   0:00   0:18 
Joe Sakic                0  0  0   0  0   1  1  1  1  1  5/8    16:50   2:09   0:00 
Kris Versteeg            1  1  2   2  0   3  1  0  1  0  1/1    18:40   2:16   0:00 
Kristopher Letang        0  0  0   3  0   2  1  0  0  1  0/0    25:23   2:09   0:00 
Marek Zidlicky           0  1  1   0  2   0  4  1  0  0  0/0    19:24   1:49   0:00 
Martin Havlat            2  2  4   4  0   6  2  1  0  0  0/1    21:26   1:42   1:23 
Matthew Spiller          0  0  0   2  0   1  0  0  0  1  0/0    14:08   0:00   1:20 
Nikita Alexeev           0  1  1   0  0   1  2  0  0  0  0/0    11:30   0:00   0:00 
Scott Gomez              2  3  5   4  2   7  1  0  0  0  16/34  21:03   2:16   1:23 
Steve Sullivan           0  0  0   0  0   2  0  0  0  0  0/0    14:26   1:42   0:00 

Players Stats for Red Wings

Player Name              G  A  P  +/- PIM S  H  SB GA TA FO     MP     PP MP  PK MP  
------------------------------------------------------------------------------------
Antti Miettinen          0  0  0  -1  0   2  1  0  0  0  0/0    14:35   0:57   0:00 
Brian Pothier            0  0  0  -3  0   1  0  1  1  1  0/0    15:56   0:43   0:00 
Brian Sutherby           0  0  0  -3  2   0  1  0  0  0  2/3    14:06   0:00   2:13 
Christian Backman        0  0  0  -1  0   2  1  0  0  0  0/0    17:31   0:00   1:29 
Jan Bulis                0  0  0   0  0   1  1  0  0  1  0/0     8:58   0:00   1:09 
Jarome Iginla            0  2  2  -3  2   3  2  0  1  0  1/1    21:03   1:02   1:03 
Jason Spezza             0  0  0  -3  2   3  0  1  0  0  17/36  21:26   1:02   1:06 
Kim Johnsson             1  0  1  -2  0   6  1  1  0  0  0/0    26:33   1:16   2:29 
Lubos Bartecko           1  0  1   1  0   1  0  1  0  0  0/0     6:35   0:00   0:00 
Martin Straka            0  0  0  -1  0   3  2  0  0  0  2/5    16:23   0:57   0:09 
Mathieu Dandenault       0  0  0  -2  0   4  1  0  0  0  0/0    11:58   0:00   0:00 
Maxim Kondratiev         0  0  0  -3  0   2  1  0  0  0  0/0    14:14   0:00   1:29 
Mike York                0  1  1  -2  0   2  2  0  0  0  0/0    18:25   0:57   1:42 
Milan Michalek           0  0  0  -1  4   0  1  0  0  0  4/4    16:58   1:02   0:34 
Paul Martin              0  0  0  -1  0   2  0  0  1  1  0/0    19:13   0:43   0:00 
Peter Schaefer           0  0  0   0  0   0  2  0  1  0  0/0     7:49   0:00   0:00 
Sean Bergenheim          0  0  0  -2  0   3  3  0  0  0  1/2    11:44   0:00   0:00 
Shea Weber               0  0  0  -2  0   0  3  1  1  1  0/0    26:33   1:16   2:29 

3 Stars

1 - Martin Havlat (Chi)
2 - Scott Gomez (Chi)
3 - Brent Sopel (Chi)

Power Play

Blackhawks - 0 on 2 Attempt(s) - 0,00%
Red Wings - 0 on 1 Attempt(s) - 0,00%

Penalty Kill

Blackhawks - 1 on 1 Attempt(s) - 100,00% - Score 1 goal in Penalty Kill
Red Wings - 2 on 2 Attempt(s) - 100,00% - Score 0 goal in Penalty Kill

Official

Referees : Walsh Ian and Fraser Kerry
Linesman : Scott Cherrey and David Brisebois

Game Notes

Mike Smith enters game at 8:14 of 3rd period

Finance

Level 1 -- Attendance: 4716 (78,60%) -- Ticket Income 471 600 $
Level 2 -- Attendance: 3640 (72,80%) -- Ticket Income 218 400 $
Level 3 -- Attendance: 1389 (69,45%) -- Ticket Income 48 615 $
Level 4 -- Attendance: 2374 (59,35%) -- Ticket Income 59 350 $
Luxury Box -- Attendance: 562 (56,20%) -- Ticket Income 140 500 $
Game was played at the Joe Louis Arena
Total Attendance: 12681 (70,45%)
Total Ticket Income: 938 465 $
Total Income: 938 465 $

Blackhawks

5 vs 5 Forward 
   Center                   Left Wing                Right Wing               Time % Phy DF OF 
 1 Scott Gomez              Kris Versteeg            Martin Havlat            40     1   2  2  
 2 Joe Sakic                Steve Sullivan           Bill Guerin              30     1   2  2  
 3 Brooks Laich             Jeff Taffe               Nikita Alexeev           20     1   2  2  
 4 Chris Gratton            Hnat Domenichelli        Dan Hinote               10     1   2  2  

5 vs 5 Defense 
   Defense                  Defense                                           Time % Phy DF OF 
 1 Brent Sopel              Kristopher Letang                                 40     1   2  2  
 2 Marek Zidlicky           Jason Smith                                       30     1   2  2  
 3 Matthew Spiller          Greg De Vries                                     20     1   2  2  
 4 Brent Sopel              Kristopher Letang                                 10     1   2  2  

PowerPlay Forward 
   Center                   Left Wing                Right Wing               Time % Phy DF OF 
 1 Scott Gomez              Kris Versteeg            Bill Guerin              60     1   1  3  
 2 Brooks Laich             Steve Sullivan           Martin Havlat            40     1   1  3  

PowerPlay Defense
   Defense                  Defense                                           Time % Phy DF OF 
 1 Joe Sakic                Kristopher Letang                                 60     1   1  3  
 2 Marek Zidlicky           Brent Sopel                                       40     1   1  3  

Penalty Kill 4 Players Forward 
   Center                   Wing                     Time % Phy DF OF 
 1 Scott Gomez              Martin Havlat            60     1   2  2  
 2 Chris Gratton            Dan Hinote               40     1   2  2  

Penalty Kill 4 Players Defense
   Defense                  Defense                  Time % Phy DF OF 
 1 Matthew Spiller          Jason Smith              60     1   2  2  
 2 Greg De Vries            Brent Sopel              40     1   2  2  

Penalty Kill - 3 Players Forward 
   Forward                                           Time % Phy DF OF 
 1 Martin Havlat                                     60     1   2  2  
 2 Kris Versteeg                                     40     1   2  2  

Penalty Kill - 3 Players Defense
   Defense                  Defense                  Time % Phy DF OF 
 1 Jason Smith              Matthew Spiller          60     1   2  2  
 2 Brent Sopel              Greg De Vries            40     1   2  2  

4 vs 4 Forward 
   Center                   Wing                     Time % Phy DF OF 
 1 Scott Gomez              Martin Havlat            60     1   2  2  
 2 Joe Sakic                Kris Versteeg            40     1   2  2  

4 vs 4 Defense
   Defense                  Defense                  Time % Phy DF OF 
 1 Brent Sopel              Kristopher Letang        60     1   2  2  
 2 Jason Smith              Marek Zidlicky           40     1   2  2  

Last Minutes Offensive
   Center                   Left Wing                Right Wing               Defense                  Defense                  
   Joe Sakic                Kris Versteeg            Bill Guerin              Marek Zidlicky           Kristopher Letang        

Last Minutes Defensive
   Center                   Left Wing                Right Wing               Defense                  Defense                  
   Joe Sakic                Kris Versteeg            Martin Havlat            Matthew Spiller          Jason Smith              

Goaltenders
Starting : Tyler Weiman             
Backup : Jocelyn Thibault         

Extra Forwards
Normal : Hnat Domenichelli, Brooks Laich, Kris Versteeg - PP : Jeff Taffe, Nikita Alexeev - PK : Hnat Domenichelli
Extra Defensemen
Normal : Greg De Vries, Jason Smith, Matthew Spiller - PP : Greg De Vries - PK : Kristopher Letang, Jason Smith
Penalty Shots
Kris Versteeg, Joe Sakic, Martin Havlat, Scott Gomez, Bill Guerin

Red Wings

5 vs 5 Forward 
   Center                   Left Wing                Right Wing               Time % Phy DF OF 
 1 Jason Spezza             Milan Michalek           Jarome Iginla            40     0   2  3  
 2 Martin Straka            Mike York                Antti Miettinen          30     0   2  3  
 3 Brian Sutherby           Sean Bergenheim          Mathieu Dandenault       23     1   2  2  
 4 Jan Bulis                Peter Schaefer           Lubos Bartecko           7      1   2  2  

5 vs 5 Defense 
   Defense                  Defense                                           Time % Phy DF OF 
 1 Kim Johnsson             Shea Weber                                        40     0   2  3  
 2 Paul Martin              Christian Backman                                 30     0   2  3  
 3 Maxim Kondratiev         Brian Pothier                                     20     0   3  2  
 4 Kim Johnsson             Shea Weber                                        10     0   3  2  

PowerPlay Forward 
   Center                   Left Wing                Right Wing               Time % Phy DF OF 
 1 Jason Spezza             Milan Michalek           Jarome Iginla            60     0   1  4  
 2 Martin Straka            Mike York                Antti Miettinen          40     0   1  4  

PowerPlay Defense
   Defense                  Defense                                           Time % Phy DF OF 
 1 Kim Johnsson             Shea Weber                                        60     0   2  3  
 2 Paul Martin              Brian Pothier                                     40     0   2  3  

Penalty Kill 4 Players Forward 
   Center                   Wing                     Time % Phy DF OF 
 1 Jason Spezza             Jarome Iginla            60     0   3  2  
 2 Brian Sutherby           Mathieu Dandenault       40     0   3  2  

Penalty Kill 4 Players Defense
   Defense                  Defense                  Time % Phy DF OF 
 1 Kim Johnsson             Shea Weber               60     0   3  2  
 2 Christian Backman        Maxim Kondratiev         40     0   3  2  

Penalty Kill - 3 Players Forward 
   Forward                                           Time % Phy DF OF 
 1 Jason Spezza                                      60     0   3  2  
 2 Brian Sutherby                                    40     0   3  2  

Penalty Kill - 3 Players Defense
   Defense                  Defense                  Time % Phy DF OF 
 1 Kim Johnsson             Shea Weber               60     0   3  2  
 2 Christian Backman        Maxim Kondratiev         40     0   3  2  

4 vs 4 Forward 
   Center                   Wing                     Time % Phy DF OF 
 1 Jason Spezza             Jarome Iginla            60     0   2  3  
 2 Martin Straka            Mike York                40     0   2  3  

4 vs 4 Defense
   Defense                  Defense                  Time % Phy DF OF 
 1 Kim Johnsson             Shea Weber               60     0   2  3  
 2 Paul Martin              Brian Pothier            40     0   2  3  

Last Minutes Offensive
   Center                   Left Wing                Right Wing               Defense                  Defense                  
   Jason Spezza             Milan Michalek           Jarome Iginla            Kim Johnsson             Paul Martin              

Last Minutes Defensive
   Center                   Left Wing                Right Wing               Defense                  Defense                  
   Jason Spezza             Peter Schaefer           Jarome Iginla            Kim Johnsson             Shea Weber               

Goaltenders
Starting : Jonathan Quick           
Backup : Mike Smith               

Extra Forwards
Normal : Jan Bulis, Peter Schaefer, Mathieu Dandenault - PP : Brian Sutherby, Jan Bulis - PK : Brian Sutherby
Extra Defensemen
Normal : Christian Backman, Brian Pothier, Shea Weber - PP : Christian Backman - PK : Brian Pothier, Paul Martin
Penalty Shots
Jarome Iginla, Antti Miettinen, Jason Spezza, Brian Sutherby, Peter Schaefer

% Time on Ice - Blackhawks

Lines # - Real PCT - Wanted PCT - Time Play
Normal Forward
1 - 32% - 40% - 15:15
2 - 26% - 30% - 12:44
3 - 24% - 20% - 11:30
4 - 18% - 10% - 8:37
Normal Defense
1 - 40% - 40% - 19:12
2 - 33% - 30% - 16:05
3 - 23% - 20% - 11:15
4 - 3% - 10% - 1:34
PP Forward
1 - 57% - 60% - 2:16
2 - 43% - 40% - 1:42
PP Defense
1 - 54% - 60% - 2:09
2 - 46% - 40% - 1:49
PK Forward
1 - 85% - 60% - 1:41
2 - 15% - 40% - 0:18
PK Defense
1 - 67% - 60% - 1:20
2 - 33% - 40% - 0:39
PK3 Forward
1 - 0% - 60%
2 - 0% - 40%
PK3 Defense
1 - 0% - 60%
2 - 0% - 40%
44 Forward
1 - 73% - 60% - 4:19
2 - 27% - 40% - 1:38
44 Defense
1 - 68% - 60% - 4:01
2 - 32% - 40% - 1:56
Last Minute Offensive  - 0:00
Last Minute Defensive  - 0:00
Total
Forward - 60:00
Defense - 60:00

% Time on Ice - Red Wings

Lines # - Real PCT - Wanted PCT - Time Play
Normal Forward
1 - 34% - 40% - 16:09
2 - 28% - 30% - 13:38
3 - 24% - 23% - 11:44
4 - 14% - 7% - 6:35
Normal Defense
1 - 38% - 40% - 18:11
2 - 34% - 30% - 16:29
3 - 25% - 20% - 12:00
4 - 3% - 10% - 1:26
PP Forward
1 - 52% - 60% - 1:02
2 - 48% - 40% - 0:57
PP Defense
1 - 64% - 60% - 1:16
2 - 36% - 40% - 0:43
PK Forward
1 - 100% - 60% - 3:58
2 - 0% - 40% - 0:00
PK Defense
1 - 63% - 60% - 2:29
2 - 37% - 40% - 1:29
PK3 Forward
1 - 0% - 60%
2 - 0% - 40%
PK3 Defense
1 - 0% - 60%
2 - 0% - 40%
44 Forward
1 - 72% - 60% - 4:18
2 - 28% - 40% - 1:39
44 Defense
1 - 54% - 60% - 3:11
2 - 46% - 40% - 2:46
Last Minute Offensive  - 0:00
Last Minute Defensive  - 0:00
Total
Forward - 60:00
Defense - 60:00

Play by Play

1st period


0:01 of 1st period - Jason Spezza wins face-off versus Scott Gomez in neutral zone.
0:07 of 1st period - Minor Penalty to Milan Michalek for Hooking.
0:07 of 1st period - Minor Penalty to Scott Gomez for Holding.
0:08 of 1st period - Jason Spezza wins face-off versus Hnat Domenichelli in Blackhawks zone.
0:19 of 1st period - Jason Spezza is hit by Kristopher Letang and loses puck.
0:24 of 1st period - Wrist shot by Martin Havlat.
0:24 of 1st period - Shot Blocked by Kim Johnsson.
1:17 of 1st period - Marek Zidlicky is hit by Martin Straka and loses puck.
1:36 of 1st period - Jason Spezza is hit by Marek Zidlicky.
1:52 of 1st period - Kris Versteeg is hit by Peter Schaefer and loses puck.
2:07 of 1st period - Penalty to Milan Michalek is over, Milan Michalek is back on ice.
2:07 of 1st period - Penalty to Scott Gomez is over, Scott Gomez is back on ice.
2:20 of 1st period - Snap shot by Sean Bergenheim.
2:20 of 1st period - Shot Misses the Net.
2:59 of 1st period - Off-side.
3:00 of 1st period - Scott Gomez wins face-off versus Jason Spezza in neutral zone.
3:07 of 1st period - Snap shot by Martin Havlat.
3:07 of 1st period - Stopped by Jonathan Quick with a rebound.
3:09 of 1st period - Snap shot by Scott Gomez.
3:09 of 1st period - Goal by Scott Gomez - Blackhawks : 1 - Red Wings : 0.
3:10 of 1st period - Milan Michalek wins face-off versus Scott Gomez in neutral zone.
3:25 of 1st period - Wrist shot by Jarome Iginla.
3:25 of 1st period - Stopped by Tyler Weiman with a rebound.
3:59 of 1st period - Snap shot by Sean Bergenheim.
3:59 of 1st period - Shot Blocked by Brent Sopel.
4:01 of 1st period - Slapshot by Shea Weber.
4:01 of 1st period - Shot Misses the Net.
4:03 of 1st period - Slapshot by Kim Johnsson.
4:03 of 1st period - Stopped by Tyler Weiman with a rebound.
4:05 of 1st period - Wrist shot by Mathieu Dandenault.
4:05 of 1st period - Stopped by Tyler Weiman with a rebound.
4:07 of 1st period - Snap shot by Brian Sutherby.
4:07 of 1st period - Shot Misses the Net.
4:17 of 1st period - Jarome Iginla is hit by Dan Hinote and loses puck.
4:24 of 1st period - Snap shot by Hnat Domenichelli.
4:24 of 1st period - Deflect By Chris Gratton.
4:24 of 1st period - Stopped by Jonathan Quick with a rebound.
4:26 of 1st period - Snap shot by Chris Gratton.
4:26 of 1st period - Shot Blocked by Jason Spezza.
4:28 of 1st period - Slapshot by Chris Gratton.
4:28 of 1st period - Stopped by Jonathan Quick with a rebound.
6:35 of 1st period - Slapshot by Kim Johnsson.
6:35 of 1st period - Stopped by Tyler Weiman with a rebound.
7:27 of 1st period - Snap shot by Brooks Laich.
7:27 of 1st period - Shot Misses the Net.
7:29 of 1st period - Slapshot by Matthew Spiller.
7:29 of 1st period - Shot Misses the Net.
7:31 of 1st period - Wrist shot by Greg De Vries.
7:31 of 1st period - Shot Misses the Net.
7:33 of 1st period - Wrist shot by Jeff Taffe.
7:33 of 1st period - Shot Misses the Net.
7:35 of 1st period - Wrist shot by Jeff Taffe.
7:35 of 1st period - Shot Misses the Net.
7:37 of 1st period - Snap shot by Brooks Laich.
7:37 of 1st period - Stopped by Jonathan Quick without a rebound.
7:38 of 1st period - Scott Gomez wins face-off versus Jason Spezza in Red Wings zone.
7:41 of 1st period - Snap shot by Scott Gomez.
7:41 of 1st period - Stopped by Jonathan Quick without a rebound.
7:42 of 1st period - Scott Gomez wins face-off versus Jason Spezza in Red Wings zone.
7:49 of 1st period - Slapshot by Martin Havlat.
7:49 of 1st period - Stopped by Jonathan Quick without a rebound.
7:50 of 1st period - Jason Spezza wins face-off versus Scott Gomez in Red Wings zone.
7:50 of 1st period - Jason Spezza is hit by Kris Versteeg.
8:16 of 1st period - Joe Sakic is hit by Sean Bergenheim and loses puck.
8:25 of 1st period - Wrist shot by Mathieu Dandenault.
8:25 of 1st period - Stopped by Tyler Weiman with a rebound.
8:27 of 1st period - Slapshot by Maxim Kondratiev.
8:27 of 1st period - Deflect By Bill Guerin.
8:27 of 1st period - Stopped by Tyler Weiman without a rebound.
8:28 of 1st period - Scott Gomez wins face-off versus Jason Spezza in Blackhawks zone.
9:04 of 1st period - Slapshot by Steve Sullivan.
9:04 of 1st period - Stopped by Jonathan Quick with a rebound.
9:24 of 1st period - Wrist shot by Hnat Domenichelli.
9:24 of 1st period - Stopped by Jonathan Quick without a rebound.
9:25 of 1st period - Milan Michalek wins face-off versus Scott Gomez in Red Wings zone.
9:50 of 1st period - Kristopher Letang is hit by Brian Sutherby and loses puck.
10:15 of 1st period - Wrist shot by Hnat Domenichelli.
10:15 of 1st period - Shot Misses the Net.
10:23 of 1st period - Chris Gratton is hit by Mike York.
10:51 of 1st period - Slapshot by Kim Johnsson.
10:51 of 1st period - Stopped by Tyler Weiman without a rebound.
10:52 of 1st period - Jason Spezza wins face-off versus Brooks Laich in Blackhawks zone.
10:55 of 1st period - Wrist shot by Jarome Iginla.
10:55 of 1st period - Shot Misses the Net.
11:41 of 1st period - Wrist shot by Martin Straka.
11:41 of 1st period - Shot Misses the Net.
12:17 of 1st period - Peter Schaefer is hit by Jeff Taffe and loses puck.
12:26 of 1st period - Wrist shot by Brooks Laich.
12:26 of 1st period - Shot Blocked by Lubos Bartecko.
12:53 of 1st period - Wrist shot by Brooks Laich.
12:53 of 1st period - Stopped by Jonathan Quick without a rebound.
12:54 of 1st period - Sean Bergenheim wins face-off versus Scott Gomez in Red Wings zone.
13:01 of 1st period - Snap shot by Sean Bergenheim.
13:01 of 1st period - Stopped by Tyler Weiman with a rebound.
13:19 of 1st period - Brian Sutherby is hit by Marek Zidlicky and loses puck.
13:48 of 1st period - Slapshot by Bill Guerin.
13:48 of 1st period - Stopped by Jonathan Quick with a rebound.
14:12 of 1st period - Kim Johnsson is hit by Martin Havlat and loses puck.
14:49 of 1st period - Snap shot by Lubos Bartecko.
14:49 of 1st period - Deflect By Jan Bulis.
14:49 of 1st period - Stopped by Tyler Weiman with a rebound.
14:51 of 1st period - Slapshot by Maxim Kondratiev.
14:51 of 1st period - Stopped by Tyler Weiman without a rebound.
14:52 of 1st period - Scott Gomez wins face-off versus Jason Spezza in Blackhawks zone.
14:59 of 1st period - Slapshot by Jason Spezza.
14:59 of 1st period - Stopped by Tyler Weiman with a rebound.
15:24 of 1st period - Snap shot by Joe Sakic.
15:24 of 1st period - Shot Blocked by Brian Pothier.
15:26 of 1st period - Slapshot by Steve Sullivan.
15:26 of 1st period - Shot Misses the Net.
15:28 of 1st period - Snap shot by Joe Sakic.
15:28 of 1st period - Deflect By Steve Sullivan.
15:28 of 1st period - Shot Misses the Net.
15:28 of 1st period - Puck is out of play.
15:29 of 1st period - Joe Sakic wins face-off versus Jason Spezza in Red Wings zone.
15:54 of 1st period - Martin Straka is hit by Martin Havlat and loses puck.
15:59 of 1st period - Snap shot by Martin Havlat.
15:59 of 1st period - Stopped by Jonathan Quick with a rebound.
16:01 of 1st period - Wrist shot by Martin Havlat.
16:01 of 1st period - Shot Misses the Net.
16:03 of 1st period - Wrist shot by Matthew Spiller.
16:03 of 1st period - Stopped by Jonathan Quick without a rebound.
16:04 of 1st period - Joe Sakic wins face-off versus Jason Spezza in Red Wings zone.
16:19 of 1st period - Milan Michalek is hit by Bill Guerin and loses puck.
16:38 of 1st period - Minor Penalty to Jason Spezza for Hooking.
16:39 of 1st period - Brian Sutherby wins face-off versus Scott Gomez in Red Wings zone.
17:10 of 1st period - Slapshot by Marek Zidlicky.
17:10 of 1st period - Shot Blocked by Shea Weber.
17:12 of 1st period - Slapshot by Brent Sopel.
17:12 of 1st period - Stopped by Jonathan Quick without a rebound.
17:13 of 1st period - Brian Sutherby wins face-off versus Brooks Laich in Red Wings zone.
18:38 of 1st period - Penalty to Jason Spezza is over, Jason Spezza is back on ice.
18:51 of 1st period - Snap shot by Chris Gratton.
18:51 of 1st period - Shot Misses the Net.
18:53 of 1st period - Slapshot by Kristopher Letang.
18:53 of 1st period - Shot Misses the Net.
19:03 of 1st period - Matthew Spiller is hit by Maxim Kondratiev and loses puck.
19:22 of 1st period - Greg De Vries is hit by Martin Straka and loses puck.
19:42 of 1st period - Icing by Matthew Spiller.
19:43 of 1st period - Joe Sakic wins face-off versus Sean Bergenheim in Blackhawks zone.
19:48 of 1st period - Sean Bergenheim is hit by Bill Guerin.
19:54 of 1st period - Slapshot by Brian Pothier.
19:54 of 1st period - Shot Blocked by Greg De Vries.

2nd period


0:01 of 2nd period - Scott Gomez wins face-off versus Jason Spezza in neutral zone.
0:55 of 2nd period - Snap shot by Brooks Laich.
0:55 of 2nd period - Goal by Brooks Laich - Blackhawks : 2 - Red Wings : 0.
0:56 of 2nd period - Jason Spezza wins face-off versus Scott Gomez in neutral zone.
1:23 of 2nd period - Bill Guerin is hit by Mike York and loses puck.
1:32 of 2nd period - Snap shot by Martin Straka.
1:32 of 2nd period - Shot Blocked by Joe Sakic.
1:34 of 2nd period - Snap shot by Mike York.
1:34 of 2nd period - Deflect By Antti Miettinen.
1:34 of 2nd period - Stopped by Tyler Weiman with a rebound.
2:14 of 2nd period - Slapshot by Maxim Kondratiev.
2:14 of 2nd period - Shot Hit the Post.
2:16 of 2nd period - Snap shot by Brian Pothier.
2:16 of 2nd period - Shot Misses the Net.
2:18 of 2nd period - Wrist shot by Sean Bergenheim.
2:18 of 2nd period - Stopped by Tyler Weiman with a rebound.
2:28 of 2nd period - Slapshot by Mathieu Dandenault.
2:28 of 2nd period - Stopped by Tyler Weiman without a rebound.
2:29 of 2nd period - Jarome Iginla wins face-off versus Scott Gomez in Blackhawks zone.
4:18 of 2nd period - Snap shot by Kim Johnsson.
4:18 of 2nd period - Stopped by Tyler Weiman with a rebound.
5:16 of 2nd period - Brian Pothier is hit by Dan Hinote and loses puck.
5:53 of 2nd period - Slapshot by Brent Sopel.
5:53 of 2nd period - Deflect By Maxim Kondratiev.
5:53 of 2nd period - Stopped by Jonathan Quick without a rebound.
5:54 of 2nd period - Scott Gomez wins face-off versus Jason Spezza in Red Wings zone.
6:01 of 2nd period - Wrist shot by Martin Havlat.
6:01 of 2nd period - Shot Misses the Net.
6:03 of 2nd period - Snap shot by Scott Gomez.
6:03 of 2nd period - Stopped by Jonathan Quick without a rebound.
6:04 of 2nd period - Kris Versteeg wins face-off versus Jason Spezza in Red Wings zone.
6:11 of 2nd period - Snap shot by Martin Havlat.
6:11 of 2nd period - Deflect By Kris Versteeg.
6:11 of 2nd period - Stopped by Jonathan Quick without a rebound.
6:12 of 2nd period - Jason Spezza wins face-off versus Scott Gomez in Red Wings zone.
6:21 of 2nd period - Kristopher Letang is hit by Jarome Iginla and loses puck.
7:28 of 2nd period - Snap shot by Jason Spezza.
7:28 of 2nd period - Shot Blocked by Greg De Vries.
8:12 of 2nd period - Snap shot by Kristopher Letang.
8:12 of 2nd period - Stopped by Jonathan Quick with a rebound.
8:57 of 2nd period - Slapshot by Paul Martin.
8:57 of 2nd period - Stopped by Tyler Weiman with a rebound.
8:59 of 2nd period - Wrist shot by Sean Bergenheim.
8:59 of 2nd period - Deflect By Mathieu Dandenault.
8:59 of 2nd period - Stopped by Tyler Weiman with a rebound.
9:01 of 2nd period - Snap shot by Paul Martin.
9:01 of 2nd period - Stopped by Tyler Weiman with a rebound.
9:02 of 2nd period - Minor Penalty to Brian Sutherby for Hooking.
9:02 of 2nd period - Minor Penalty to Marek Zidlicky for Hooking.
9:03 of 2nd period - Scott Gomez wins face-off versus Jason Spezza in Blackhawks zone.
9:12 of 2nd period - Snap shot by Scott Gomez.
9:12 of 2nd period - Deflect By Paul Martin.
9:12 of 2nd period - Shot Misses the Net.
9:12 of 2nd period - Puck is out of play.
9:13 of 2nd period - Scott Gomez wins face-off versus Jason Spezza in Red Wings zone.
9:16 of 2nd period - Snap shot by Scott Gomez.
9:16 of 2nd period - Stopped by Jonathan Quick with a rebound.
9:18 of 2nd period - Snap shot by Scott Gomez.
9:18 of 2nd period - Stopped by Jonathan Quick with a rebound.
9:42 of 2nd period - Wrist shot by Martin Havlat.
9:42 of 2nd period - Deflect By Jason Spezza.
9:42 of 2nd period - Goal by Martin Havlat - Blackhawks : 3 - Red Wings : 0.
9:43 of 2nd period - Jason Spezza wins face-off versus Scott Gomez in neutral zone.
10:40 of 2nd period - Brooks Laich is hit by Shea Weber and loses puck.
11:01 of 2nd period - Jason Smith is hit by Kim Johnsson.
11:02 of 2nd period - Penalty to Brian Sutherby is over, Brian Sutherby is back on ice.
11:02 of 2nd period - Penalty to Marek Zidlicky is over, Marek Zidlicky is back on ice.
11:11 of 2nd period - Wrist shot by Martin Havlat.
11:11 of 2nd period - Goal by Martin Havlat - Blackhawks : 4 - Red Wings : 0.
11:12 of 2nd period - Jason Spezza wins face-off versus Joe Sakic in neutral zone.
11:15 of 2nd period - Marek Zidlicky is hit by Christian Backman and loses puck.
11:28 of 2nd period - Snap shot by Steve Sullivan.
11:28 of 2nd period - Shot Hit the Post.
11:38 of 2nd period - Mike York is hit by Marek Zidlicky.
12:10 of 2nd period - Off-side.
12:11 of 2nd period - Chris Gratton wins face-off versus Jason Spezza in neutral zone.
12:22 of 2nd period - Brent Sopel is hit by Milan Michalek and loses puck.
12:41 of 2nd period - Slapshot by Brian Pothier.
12:41 of 2nd period - Stopped by Tyler Weiman with a rebound.
12:47 of 2nd period - Kris Versteeg is hit by Antti Miettinen and loses puck.
13:08 of 2nd period - Brian Sutherby is hit by Joe Sakic.
13:29 of 2nd period - Snap shot by Kristopher Letang.
13:29 of 2nd period - Stopped by Jonathan Quick without a rebound.
13:30 of 2nd period - Jason Spezza wins face-off versus Scott Gomez in Red Wings zone.
14:04 of 2nd period - Snap shot by Martin Straka.
14:04 of 2nd period - Shot Misses the Net.
14:16 of 2nd period - Christian Backman is hit by Nikita Alexeev.
14:20 of 2nd period - Mathieu Dandenault is hit by Marek Zidlicky and loses puck.
14:27 of 2nd period - Jeff Taffe is hit by Mathieu Dandenault and loses puck.
15:04 of 2nd period - Wrist shot by Jarome Iginla.
15:04 of 2nd period - Stopped by Tyler Weiman with a rebound.
15:22 of 2nd period - Antti Miettinen is hit by Bill Guerin and loses puck.
15:29 of 2nd period - Snap shot by Joe Sakic.
15:29 of 2nd period - Shot Misses the Net.
16:03 of 2nd period - Brent Sopel is hit by Jarome Iginla and loses puck.
16:10 of 2nd period - Snap shot by Jason Spezza.
16:10 of 2nd period - Stopped by Tyler Weiman with a rebound.
16:44 of 2nd period - Snap shot by Steve Sullivan.
16:44 of 2nd period - Stopped by Jonathan Quick without a rebound.
16:45 of 2nd period - Scott Gomez wins face-off versus Martin Straka in Red Wings zone.
16:46 of 2nd period - Snap shot by Martin Havlat.
16:46 of 2nd period - Stopped by Jonathan Quick with a rebound.
17:31 of 2nd period - Slapshot by Kim Johnsson.
17:31 of 2nd period - Goal by Kim Johnsson - Blackhawks : 4 - Red Wings : 1.
17:32 of 2nd period - Scott Gomez wins face-off versus Jason Spezza in neutral zone.
19:09 of 2nd period - Wrist shot by Joe Sakic.
19:09 of 2nd period - Stopped by Jonathan Quick with a rebound.
19:36 of 2nd period - Icing by Brian Pothier.
19:37 of 2nd period - Jason Spezza wins face-off versus Brooks Laich in Red Wings zone.
19:54 of 2nd period - Maxim Kondratiev is hit by Nikita Alexeev and loses puck.

3rd period


0:01 of 3rd period - Jason Spezza wins face-off versus Scott Gomez in neutral zone.
0:10 of 3rd period - Snap shot by Jarome Iginla.
0:10 of 3rd period - Stopped by Tyler Weiman without a rebound.
0:10 of 3rd period - Minor Penalty to Jarome Iginla for High sticking.
0:11 of 3rd period - Jason Spezza wins face-off versus Scott Gomez in Red Wings zone.
0:16 of 3rd period - Kristopher Letang is hit by Shea Weber.
0:21 of 3rd period - Off-side.
0:22 of 3rd period - Scott Gomez wins face-off versus Jason Spezza in neutral zone.
0:43 of 3rd period - Kim Johnsson is hit by Scott Gomez and loses puck.
1:18 of 3rd period - Brent Sopel is hit by Jan Bulis and loses puck.
2:10 of 3rd period - Penalty to Jarome Iginla is over, Jarome Iginla is back on ice.
2:24 of 3rd period - Slapshot by Chris Gratton.
2:24 of 3rd period - Goal by Chris Gratton - Blackhawks : 5 - Red Wings : 1.
2:25 of 3rd period - Brooks Laich wins face-off versus Brian Sutherby in neutral zone.
2:36 of 3rd period - Snap shot by Brooks Laich.
2:36 of 3rd period - Stopped by Jonathan Quick without a rebound.
2:37 of 3rd period - Scott Gomez wins face-off versus Jason Spezza in Red Wings zone.
2:44 of 3rd period - Snap shot by Scott Gomez.
2:44 of 3rd period - Stopped by Jonathan Quick with a rebound.
2:46 of 3rd period - Slapshot by Kris Versteeg.
2:46 of 3rd period - Stopped by Jonathan Quick without a rebound.
2:47 of 3rd period - Milan Michalek wins face-off versus Scott Gomez in Red Wings zone.
3:40 of 3rd period - Snap shot by Scott Gomez.
3:40 of 3rd period - Goal by Scott Gomez - Blackhawks : 6 - Red Wings : 1.
3:41 of 3rd period - Martin Straka wins face-off versus Joe Sakic in neutral zone.
4:11 of 3rd period - Snap shot by Nikita Alexeev.
4:11 of 3rd period - Shot Misses the Net.
4:17 of 3rd period - Slapshot by Paul Martin.
4:17 of 3rd period - Shot Blocked by Marek Zidlicky.
4:29 of 3rd period - Snap shot by Jason Spezza.
4:29 of 3rd period - Stopped by Tyler Weiman without a rebound.
4:30 of 3rd period - Milan Michalek wins face-off versus Chris Gratton in Blackhawks zone.
4:40 of 3rd period - Minor Penalty to Milan Michalek for Goalie Interference.
4:40 of 3rd period - Minor Penalty to Brent Sopel for Holding.
4:41 of 3rd period - Scott Gomez wins face-off versus Jason Spezza in Blackhawks zone.
6:40 of 3rd period - Penalty to Milan Michalek is over, Milan Michalek is back on ice.
6:40 of 3rd period - Penalty to Brent Sopel is over, Brent Sopel is back on ice.
7:11 of 3rd period - Slapshot by Mathieu Dandenault.
7:11 of 3rd period - Shot Misses the Net.
7:13 of 3rd period - Wrist shot by Kim Johnsson.
7:13 of 3rd period - Shot Misses the Net.
7:27 of 3rd period - Wrist shot by Martin Straka.
7:27 of 3rd period - Stopped by Tyler Weiman with a rebound.
7:29 of 3rd period - Slapshot by Christian Backman.
7:29 of 3rd period - Stopped by Tyler Weiman with a rebound.
7:47 of 3rd period - Wrist shot by Hnat Domenichelli.
7:47 of 3rd period - Shot Misses the Net.
8:14 of 3rd period - Wrist shot by Kris Versteeg.
8:14 of 3rd period - Goal by Kris Versteeg - Blackhawks : 7 - Red Wings : 1.
8:14 of 3rd period - Mike Smith enters game.
8:15 of 3rd period - Scott Gomez wins face-off versus Jason Spezza in neutral zone.
8:49 of 3rd period - Wrist shot by Martin Straka.
8:49 of 3rd period - Deflect By Mike York.
8:49 of 3rd period - Shot Misses the Net.
8:49 of 3rd period - Puck is out of play.
8:50 of 3rd period - Joe Sakic wins face-off versus Martin Straka in Blackhawks zone.
9:10 of 3rd period - Brian Pothier is hit by Bill Guerin and loses puck.
9:24 of 3rd period - Slapshot by Martin Straka.
9:24 of 3rd period - Stopped by Tyler Weiman without a rebound.
9:25 of 3rd period - Jason Spezza wins face-off versus Scott Gomez in Blackhawks zone.
10:02 of 3rd period - Mathieu Dandenault is hit by Jeff Taffe and loses puck.
10:13 of 3rd period - Jan Bulis is hit by Hnat Domenichelli and loses puck.
10:38 of 3rd period - Snap shot by Martin Straka.
10:38 of 3rd period - Deflect By Greg De Vries.
10:38 of 3rd period - Shot Misses the Net.
10:38 of 3rd period - Puck is out of play.
10:39 of 3rd period - Martin Straka wins face-off versus Scott Gomez in Blackhawks zone.
10:40 of 3rd period - Snap shot by Mike York.
10:40 of 3rd period - Deflect By Antti Miettinen.
10:40 of 3rd period - Stopped by Tyler Weiman with a rebound.
10:42 of 3rd period - Slapshot by Antti Miettinen.
10:42 of 3rd period - Deflect By Mike York.
10:42 of 3rd period - Shot Blocked by Martin Havlat.
10:42 of 3rd period - Puck is out of play.
10:43 of 3rd period - Jason Spezza wins face-off versus Scott Gomez in Blackhawks zone.
11:13 of 3rd period - Wrist shot by Martin Straka.
11:13 of 3rd period - Stopped by Tyler Weiman with a rebound.
11:15 of 3rd period - Snap shot by Mike York.
11:15 of 3rd period - Stopped by Tyler Weiman with a rebound.
11:17 of 3rd period - Snap shot by Antti Miettinen.
11:17 of 3rd period - Shot Blocked by Bill Guerin.
11:53 of 3rd period - Snap shot by Lubos Bartecko.
11:53 of 3rd period - Shot Blocked by Brooks Laich.
13:10 of 3rd period - Snap shot by Martin Havlat.
13:10 of 3rd period - Shot Misses the Net.
13:22 of 3rd period - Wrist shot by Jarome Iginla.
13:22 of 3rd period - Shot Blocked by Jason Smith.
13:24 of 3rd period - Slapshot by Shea Weber.
13:24 of 3rd period - Shot Misses the Net.
13:26 of 3rd period - Slapshot by Christian Backman.
13:26 of 3rd period - Stopped by Tyler Weiman with a rebound.
14:06 of 3rd period - Kristopher Letang is hit by Shea Weber and loses puck.
14:31 of 3rd period - Wrist shot by Lubos Bartecko.
14:31 of 3rd period - Goal by Lubos Bartecko - Blackhawks : 7 - Red Wings : 2.
14:32 of 3rd period - Jason Spezza wins face-off versus Joe Sakic in neutral zone.
15:07 of 3rd period - Paul Martin is hit by Brent Sopel and loses puck.
15:28 of 3rd period - Snap shot by Nikita Alexeev.
15:28 of 3rd period - Stopped by Mike Smith with a rebound.
15:49 of 3rd period - Minor Penalty to Hnat Domenichelli for Cross-checking.
15:50 of 3rd period - Jason Spezza wins face-off versus Scott Gomez in Blackhawks zone.
15:51 of 3rd period - Snap shot by Jarome Iginla.
15:51 of 3rd period - Shot Misses the Net.
15:53 of 3rd period - Slapshot by Kim Johnsson.
15:53 of 3rd period - Stopped by Tyler Weiman without a rebound.
15:54 of 3rd period - Jason Spezza wins face-off versus Martin Havlat in Blackhawks zone.
16:43 of 3rd period - Slapshot by Brent Sopel.
16:43 of 3rd period - Deflect By Antti Miettinen.
16:43 of 3rd period - Goal by Brent Sopel - Blackhawks : 8 - Red Wings : 2.
16:44 of 3rd period - Scott Gomez wins face-off versus Jason Spezza in neutral zone.
17:49 of 3rd period - Penalty to Hnat Domenichelli is over, Hnat Domenichelli is back on ice.
17:53 of 3rd period - Jeff Taffe is hit by Sean Bergenheim and loses puck.
18:00 of 3rd period - Wrist shot by Mathieu Dandenault.
18:00 of 3rd period - Shot Blocked by Hnat Domenichelli.
18:02 of 3rd period - Wrist shot by Sean Bergenheim.
18:02 of 3rd period - Stopped by Tyler Weiman without a rebound.
18:03 of 3rd period - Joe Sakic wins face-off versus Martin Straka in Blackhawks zone.
18:10 of 3rd period - Slapshot by Mike York.
18:10 of 3rd period - Shot Misses the Net.
18:50 of 3rd period - Jason Smith is hit by Sean Bergenheim.
19:10 of 3rd period - Brent Sopel is hit by Peter Schaefer and loses puck.
19:31 of 3rd period - Backhand shot by Mike York.
19:31 of 3rd period - Shot Misses the Net.
19:33 of 3rd period - Slapshot by Paul Martin.
19:33 of 3rd period - Shot Misses the Net.
19:35 of 3rd period - Slapshot by Christian Backman.
19:35 of 3rd period - Shot Misses the Net.
19:37 of 3rd period - Slapshot by Shea Weber.
19:37 of 3rd period - Shot Misses the Net.
19:39 of 3rd period - Snap shot by Mike York.
19:39 of 3rd period - Stopped by Tyler Weiman with a rebound.


Output by the SimonT Hockey Simulator (STHS) for François Prévost -- Original Page W3C XHTML 1.0 Valid
Hockey Simulator - Hockey Simulation - Hockey Manager